 Dungeon Crawl Stone Soup version 0.29-a0-219-g0a02b1cf4f (webtiles) character file.

Game seed: 5341769840744935653

227633 Hasart the Sharpshooter (level 18, -3/157 HPs)
             Began as a Demigod Hunter on Feb 25, 2022.
             Constricted to death by a nagaraja (6 damage)
             ... on level 4 of the Snake Pit on Feb 26, 2022.
             The game lasted 01:45:38 (37734 turns).

Hasart the Sharpshooter (Demigod Hunter)           Turns: 37734, Time: 01:45:38

Health: -3/157     AC:  2    Str: 13    XL:     18   Next: 35%
Magic:  30/31      EV: 27    Int: 13    God:
Gold:   975        SH:  0    Dex: 38    Spells: 13/28 levels left

rFire   . . .      SeeInvis +   U - +2 arbalest (freeze)
rCold   . . .      Faith    .   (shield currently unavailable)
rNeg    . . .      Spirit   .   J - +0 troll leather armour
rPois   +          Reflect  .   O - +1 hat {Stlth+}
rElec   +          Harm     .   q - +0 cloak
rCorr   .          Rampage  .   a - +2 pair of gloves
Will    ++...      NoTele   +   B - +0 pair of boots
Stlth   +++++++++.              S - amulet of regeneration
HPRegen 1.96/turn               H - ring of poison resistance
MPRegen 0.22/turn               v - ring "Oroirebe" {*Corrode rElec Will+ SInv Stlth+}

@: lethally poisoned (-3 -> -6), swift (expiring), untranslocatable, corroded,
constricted, quick
A: high MP 1, forlorn, divine attributes
a: no special abilities


You were on level 4 of the Snake Pit.
You visited 4 branches of the dungeon, and saw 27 of its levels.
You visited 1 bazaar.
You also visited: Ossuary, Bailey and Ice Cave.

You collected 2618 gold pieces.
You spent 1643 gold pieces at shops.

Inventory:

Hand Weapons
 R - a +2 arbalest of flaming
 U - a +2 arbalest of freezing (weapon)
Missiles
 k - 10 throwing nets
Armour
 a - a +2 pair of gloves (worn)
 m - a +3 ring mail of positive energy
 q - a +0 cloak (worn)
 B - a +0 pair of boots (worn)
 J - a +0 troll leather armour (worn)
 O - a +1 hat of stealth (worn)
Jewellery
 p - a ring of protection from cold
 v - the ring "Oroirebe" (right hand) {*Corrode rElec Will+ SInv Stlth+}
   (You found it on level 4 of the Dungeon)

   [ring of willpower]

   rElec:     It insulates you from electricity.
   SInv:      It lets you see invisible.
   *Corrode:  It may corrode you when you take damage.
   Will:      It increases your willpower.
   Stlth:     It makes you more stealthy.
 w - a ring of flight
 A - a ring of resist corrosion
 H - a ring of poison resistance (left hand)
 M - the ring of the Ten Saving Tales {rN+ Str+6 Dex+4 Stlth+}
   (You found it on level 6 of the Lair of Beasts)

   [ring of strength]

   Str:       It affects your strength (+6).
   Dex:       It affects your dexterity (+4).
   rN:        It protects you from negative energy.
   Stlth:     It makes you more stealthy.
 S - an amulet of regeneration (around neck)
Wands
 y - a wand of iceblast (7)
 F - a wand of flame (41)
 L - a wand of charming (6)
 V - a wand of paralysis (11)
 W - a wand of polymorph (4)
Scrolls
 c - 2 scrolls of magic mapping
 f - 5 scrolls of amnesia
 g - 6 scrolls of holy word
 h - 2 scrolls of blinking
 n - 15 scrolls of teleportation
 o - 5 scrolls of enchant weapon
 u - 3 scrolls of brand weapon
 x - 6 scrolls of fog
 D - 6 scrolls of identify
 G - 3 scrolls of enchant armour
 N - 2 scrolls of fear
 Q - a scroll of silence
Potions
 d - 4 potions of lignification
 e - 4 potions of resistance
 i - 2 potions of berserk rage
 j - 2 potions of invisibility
 l - 12 potions of brilliance
 r - 5 potions of flight
 s - 10 potions of curing
 t - 2 potions of heal wounds
 z - 12 potions of might
 C - 7 potions of mutation
 E - 6 potions of ambrosia
 I - 4 potions of attraction
 K - 2 potions of magic
 P - 4 potions of haste
Miscellaneous
 b - a phial of floods


   Skills:
 + Level 13.3 Fighting
 * Level 18.5 Crossbows
 + Level 13.2 Dodging
 + Level 14.2 Stealth
 + Level 5.9 Spellcasting
 + Level 3.1 Hexes
 + Level 3.1 Summonings
 + Level 3.2 Translocations
 - Level 5.0 Air Magic
 - Level 7.0 Evocations


You had 13 spell levels left.
You knew the following spells:

 Your Spells              Type           Power      Damage    Failure   Level
a - Swiftness             Air            16%        N/A       9%          3
b - Enfeeble              Hex            6%         N/A       100%        7
c - Summon Forest         Summ/Tloc      6%         N/A       85%         5

Your spell library contained the following spells:

 Spells                   Type           Power      Damage    Failure   Level
 Apportation              Tloc           24%        N/A       6%          1
 Summon Small Mammal      Summ           48%        N/A       6%          1
 Shock                    Conj/Air       40%        1d5       8%          1
 Corpse Rot               Necr/Air       20%        N/A       12%         2
 Portal Projectile        Hex/Tloc       24%        N/A       17%         3
 Tukima's Dance           Hex            12%        N/A       19%         3
 Animate Skeleton         Necr           6%         N/A       22%         1
 Foxfire                  Conj/Fire      12%        2x1d4     22%         1
 Pain                     Necr           12%        1d4       22%         1
 Airstrike                Air            8%         N/A       28%         4
 Scorch                   Fire           6%         2d5       32%         2
 Sublimation of Blood     Necr           3%         N/A       32%         2
 Wereblood                Tmut           3%         N/A       32%         2
 Dazzling Flash           Conj/Hex       14%        N/A       34%         3
 Inner Flame              Hex/Fire       7%         N/A       34%         3
 Conjure Flame            Conj/Fire      3%         6-21      54%         3
 Frozen Ramparts          Ice            6%         1d2       54%         3
 Ignite Poison            Fire/Tmut/Pois 3%         N/A       54%         3
 Vampiric Draining        Necr           3%         2d6       54%         3
 Iskenderun's Mystic Bla  Conj/Tloc      8%         2d4       73%         4
 Anguish                  Hex/Necr       3%         N/A       75%         4
 Animate Armour           Summ/Erth      14%        N/A       75%         4
 Summon Ice Beast         Ice/Summ       7%         N/A       75%         4
 Summon Mana Viper        Hex/Summ       12%        N/A       86%         5
 Dispel Undead            Necr           3%         3d7       91%         4
 Flame Wave               Conj/Fire      3%         2d4       91%         4
 Ice Form                 Ice/Tmut       3%         N/A       91%         4
 Petrify                  Tmut/Erth      3%         N/A       91%         4
 Sticky Flame             Conj/Fire      3%         2d3       91%         4
 Agony                    Necr           3%         N/A       99%         5
 Alistair's Intoxication  Tmut/Pois      2%         N/A       99%         5
 Blade Hands              Tmut           1%         N/A       99%         5
 Excruciating Wounds      Necr           1%         N/A       99%         5
 Irradiate                Conj/Tmut      1%         3d14      99%         5
 Death Channel            Necr           1%         N/A       100%        6
 Iron Shot                Conj/Erth      1%         9d1       100%        6
 Starburst                Conj/Fire      1%         6d3       100%        6
 Summon Cactus Giant      Summ           6%         N/A       100%        6
 Dragon Form              Tmut           1%         N/A       100%        7
 Summon Hydra             Summ           6%         N/A       100%        7
 Discord                  Hex            6%         N/A       100%        8
 Infestation              Necr           1%         N/A       100%        8


Dungeon Overview and Level Annotations

Branches:
Dungeon (15/15)            Temple (0/1) D:6            Lair (6/6) D:10
 Shoals (0/4) Lair:2        Snake (4/4) Lair:2        Slime (0/5) Lair:6
    Orc (2/2) D:12            Elf (0/3) Orc:2        Vaults (0/5) D:14
 Depths (0/4) D:15        Ossuary (visited)          Bailey (visited)
  IceCv (visited)

Shops:
D:6 *   D:8 =   D:9 *   D:13 [   Orc:1 *!   Orc:2 (*?   Snake:2 [?

Portals:
Abyss: Lair:6
Trove: D:10 (give +2 ice dragon scales)

Annotations:
Snake:1 Asterion
Snake:3 1 runed translucent door
Orc:1 2 transporters, Angani's ghost, journeyman DrHu


Innate Abilities, Weirdness & Mutations

You have an increased reservoir of magic. (+10% MP)
You shall have no god before yourself.
Your divine heritage dramatically boosts your attributes as you level up.


Message History

Press: ? - help, Q - select action, (/) - cycle Shift-Dir - straight line, f/p - guardian serpent
Aim: a guardian serpent (heavily wounded, 71% to hit)
You shoot a bolt. The bolt hits the guardian serpent!!!
The bolt freezes the guardian serpent.
You kill the guardian serpent!
The guardian serpent hits you.
* * * LOW HITPOINT WARNING * * *
The guardian serpent coils itself and waves its upper body at you.
The bolt of poison misses you.
The guardian serpent completely misses you.
The shock serpent completely misses you.
The guardian serpent misses you. The nagaraja barely misses you.
The nagaraja constricts you.
* * * LOW HITPOINT WARNING * * *
The guardian serpent casts a spell at you.
The naga sharpshooter blinks!
The guardian serpent completely misses you.
Unknown command.
Unknown command.
Shoot: U) +2 arbalest (freeze)
Press: ? - help, Q - select action, (/) - cycle Shift-Dir - straight line, f - guardian serpent
Aim: a guardian serpent (71% to hit)
You shoot a bolt.
The bolt closely misses the guardian serpent.
You start to feel a little slower.
The shock serpent bites you.
* * * LOW HITPOINT WARNING * * *
Your corrosive artefact corrodes you!
The shock serpent shocks you. You resist.
* * * LOW HITPOINT WARNING * * *
Your corrosive artefact corrodes you!
The guardian serpent completely misses you.
The guardian serpent misses you.
The guardian serpent completely misses you.
The nagaraja points at you and mumbles some strange words.
The poison arrow hits you!!
You are poisoned.
You partially resist.
* * * LOW HITPOINT WARNING * * *
The nagaraja constricts you.
You die...

#.........##...#..#..##
#.........#...........#
###[......#.......##......
#.......##.).#### #.....
###.. #.....####.8## #####
..#... ##....8##.....##
###...###........).....#.
..#............SNS.⌠...'..8
..#............S@N.....#...
..##........))8##S..).###..
#.#+........)).####.8## ##
####.............##...#
...#.............#.......#
..##.............#........NN
..#...........[..##)..#..#..
..#........†......##.##### .
'##..÷.....<.......#..


You could see a nagaraja, a naga sharpshooter, a shock serpent and 3 guardian
serpents.

Vanquished Creatures
  Saint Roka (Snake:3)
  Jorgrun (Snake:1)
  Gastronok (Lair:3)
  A nagaraja (Snake:2)
  A frost giant (IceCv)
  Aizul (Snake:3)
  2 orc warlords (Orc:2)
  Snorg (D:10)
  2 fire dragons (D:15)
  Josephine (Lair:4)
  6 naga warriors
  Harold (Orc:1)
  2 catoblepae
  Fannar (Lair:2)
  5 salamander tyrants
  A boulder beetle (D:14)
  10 hydras
  An ogre mage (D:15)
  2 tengu warriors
  11 anacondas
  4 centaur warriors
  27 death yaks
  17 two-headed ogres
  3 thrashing horrors (Lair:6)
  Nergalle (D:10)
  11 naga sharpshooters
  4 orc high priests (Orc:2)
  8 shock serpents
  Amaemon (Lair:1)
  Sonja (D:13)
  4 salamander mystics
  7 sea snakes (Snake:4)
  8 naga ritualists
  2 wizards (D:14)
  A deep elf pyromancer (D:13)
  A necromancer (D:14)
  5 orc knights
  9 orc sorcerers
  2 oklob plants (Lair:5)
  3 manticores
  4 ugly things
  4 cyclopes
  15 salamanders
  21 mana vipers
  6 guardian serpents
  A merfolk siren (Lair:2)
  41 black mambas
  14 naga magi
  Joseph (D:10)
  2 ice statues
  23 elephants
  A smoke demon (Lair:6)
  17 cane toads
  An orange demon (Lair:2)
  A gargoyle (D:11)
  2 torpor snails
  A kobold demonologist (D:11)
  9 rime drakes
  14 komodo dragons
  2 unseen horrors (shapeshifter) (Lair:6)
  3 efreet
  A yaktaur (shapeshifter) (Lair:6)
  A tengu conjurer (D:15)
  An ancient zyme (Lair:6)
  A yaktaur (D:15)
  3 merfolk (Lair:2)
  3 meliai (D:14)
  A queen bee (D:14)
  10 trolls
  A tarantella (shapeshifter) (Lair:6)
  24 blink frogs
  2 hornets
  23 slime creatures
  9 polar bears
  5 dream sheep (Lair:6)
  6 spriggans
  A spriggan (shapeshifter) (D:15)
  46 yaks
  7 wyverns
  4 shadows
  2 ynoxinuls (Lair:6)
  6 basilisks
  4 wraiths
  3 steam dragons
  A vampire mosquito (D:10)
  Edmund (D:6)
  32 nagas
  6 wargs
  2 large abominations (Lair:6)
  11 small abominations (Lair:6)
  14 water moccasins
  2 acid dragons
  2 black bears
  4 sky beasts
  46 orc warriors
  5 ice beasts
  A necrophage (D:7)
  23 ogres
  22 wolves
  4 centaurs
  A phantom (D:7)
  Blork the orc (D:6)
  2 kobold brigands
  9 bullfrogs
  3 gnoll sergeants (D:6)
  3 scorpions
  23 killer bees
  14 wights
  6 electric eels
  4 howler monkeys
  6 hounds
  2 centaur zombies (Ossuary)
  A jelly (D:5)
  27 orc priests
  4 gnoll shamans
  2 iguanas (D:5)
  15 orc wizards
  3 ogre zombies (Ossuary)
  7 mummies (Ossuary)
  30 gnolls
  7 adders
  A shadow imp (D:8)
  A howler monkey simulacrum (D:10)
  2 ufetubi (D:5)
  5 adder zombies (Ossuary)
  A dart slug (D:5)
  3 worms
  72 orcs
  7 ball pythons
  3 endoplasms
  6 giant cockroaches
  A gnoll zombie (Ossuary)
  7 goblins
  6 hobgoblins
  6 jackals
  2 quokkas
  9 bats
  3 frilled lizards
  3 goblin zombies (Ossuary)
  6 hobgoblin zombies (Ossuary)
  9 kobolds
  A kobold zombie (Ossuary)
  5 quokka zombies (Ossuary)
  2 rats (D:3)
  4 rat zombies (Ossuary)
1029 creatures vanquished.

Vanquished Creatures (others)
  A bush (Lair:5)
  40 fungi
  61 plants
102 creatures vanquished.

Grand Total: 1131 creatures vanquished

Notes
Turn   | Place    | Note
-------+----------+-------------------------------------------
     0 | D:1      | Hasart the Demigod Hunter began the quest for the Orb.
     0 | D:1      | Reached XP level 1. HP: 17/17 MP: 3/3
   148 | D:1      | Reached skill level 1 in Stealth
   410 | D:1      | Reached XP level 2. HP: 22/24 MP: 4/4
   946 | D:2      | Reached skill level 4 in Crossbows
  1032 | D:2      | Reached XP level 3. HP: 29/29 MP: 5/5
  1357 | D:2      | Reached XP level 4. HP: 37/37 MP: 6/6
  1829 | D:3      | Noticed a sky beast
  1840 | D:3      | Killed a sky beast
  1841 | D:3      | Reached XP level 5. HP: 25/44 MP: 7/7
  2485 | D:4      | Identified the ring "Oroirebe" {*Corrode rElec Will+ SInv
                  | Stlth+}
  2532 | D:4      | Noticed an ice beast
  2598 | D:3      | Killed an ice beast
  2599 | D:3      | Reached skill level 5 in Crossbows
  2599 | D:3      | Reached XP level 6. HP: 21/51 MP: 8/8
  3148 | D:5      | Entered Level 5 of the Dungeon
  3170 | D:5      | Identified the +2 spear "Biwu" {vorpal, Fragile Dex+3}
  3397 | D:5      | Found a sand-covered staircase.
  3401 | Ossuary  | Entered an ossuary
  3406 | Ossuary  | Reached XP level 7. HP: 48/57 MP: 9/9
  3696 | Ossuary  | Reached skill level 6 in Crossbows
  4326 | D:5      | Identified the +0 robe of Gieqienwa {MP+9 Str+2 SInv}
  4963 | D:6      | Noticed a hornet
  5321 | D:6      | Reached XP level 8. HP: 45/67 MP: 10/10
  5546 | D:5      | Killed a hornet
  5547 | D:5      | Reached skill level 7 in Crossbows
  5712 | D:6      | Reached skill level 5 in Stealth
  5721 | D:6      | Reached skill level 5 in Fighting
  5764 | D:6      | Reached skill level 5 in Dodging
  6088 | D:6      | Reached skill level 8 in Crossbows
  6250 | D:6      | Noticed Blork the orc
  6254 | D:6      | Killed Blork the orc
  6255 | D:6      | Reached XP level 9. HP: 63/74 MP: 11/11
  6316 | D:6      | Found Lewistys's General Store.
  6384 | D:6      | Found a staircase to the Ecumenical Temple.
  6392 | D:6      | Noticed Edmund
  6408 | D:6      | Killed Edmund
  7369 | D:7      | Reached skill level 9 in Crossbows
  8311 | D:8      | Noticed a two-headed ogre
  8334 | D:8      | Killed a two-headed ogre
  8335 | D:8      | Reached XP level 10. HP: 50/84 MP: 13/13
  8976 | D:8      | Reached skill level 10 in Crossbows
  9218 | D:8      | Found Kejedyam's Jewellery Shop.
  9733 | D:9      | Noticed a manticore
  9747 | D:9      | Killed a manticore
 10359 | D:9      | Found Hiuraichu's Mayhem Merchandise.
 11172 | D:10     | Entered Level 10 of the Dungeon
 11232 | D:10     | Found a portal to a secret trove of treasure.
 11238 | D:10     | Found a flagged portal.
 11248 | Bailey   | Entered a bailey
 11279 | Bailey   | Reached XP level 11. HP: 92/92 MP: 14/14
 11317 | Bailey   | Reached skill level 11 in Crossbows
 11410 | Bailey   | Noticed a two-headed ogre
 11440 | Bailey   | Killed a two-headed ogre
 11591 | Bailey   | Found the +3 giant club "Skullcrusher" {speed, Str+7}
 11818 | D:10     | Noticed Snorg
 11837 | D:10     | Killed Snorg
 12122 | D:10     | Noticed a two-headed ogre
 12123 | D:10     | Noticed Joseph
 12133 | D:9      | Killed a two-headed ogre
 12162 | D:10     | Killed Joseph
 12281 | D:10     | Noticed Nergalle
 12453 | D:10     | Killed Nergalle
 12497 | D:10     | Found a staircase to the Lair.
 12586 | D:10     | Noticed a two-headed ogre
 12597 | D:10     | Killed a two-headed ogre
 12598 | D:10     | Reached skill level 12 in Crossbows
 13439 | D:11     | Noticed a six-headed hydra
 13928 | Lair:1   | Entered Level 1 of the Lair of Beasts
 14418 | Lair:1   | Reached XP level 12. HP: 103/103 MP: 15/15
 14514 | Lair:1   | Identified the +2 flail "Dinah" {venom, rC++}
 15202 | Lair:2   | Found a staircase to the Shoals.
 15376 | Lair:2   | Noticed Fannar
 15558 | Lair:2   | Found a staircase to the Snake Pit.
 15558 | Lair:2   | Noticed Amaemon
 15620 | Lair:1   | Killed Amaemon
 15768 | Lair:2   | Reached skill level 13 in Crossbows
 15937 | Lair:2   | Noticed an eight-headed hydra
 15964 | Lair:2   | Killed an eight-headed hydra
 16090 | Lair:2   | Reached skill level 10 in Stealth
 16181 | Lair:2   | Killed Fannar
 16483 | Lair:3   | Noticed an eight-headed hydra
 17008 | Lair:3   | Noticed a catoblepas
 17034 | Lair:3   | Killed a catoblepas
 17291 | Lair:3   | Noticed Gastronok
 17315 | Lair:3   | Killed Gastronok
 17511 | Lair:3   | Killed an eight-headed hydra
 17552 | Lair:3   | You fall into a shaft and drop 1 floor!
 17637 | Lair:3   | Reached XP level 13. HP: 81/112 MP: 16/16
 17928 | Lair:3   | Reached skill level 14 in Crossbows
 18782 | D:11     | Reached skill level 10 in Fighting
 18837 | D:11     | Reached skill level 10 in Dodging
 19059 | D:12     | Found a staircase to the Orcish Mines.
 19679 | Orc:1    | Entered Level 1 of the Orcish Mines
 19708 | Orc:1    | Found Nerrufi's CLEARANCE SALE!.
 19744 | Orc:1    | Bought a potion of mutation for 32 gold pieces
 19744 | Orc:1    | Bought a scroll of teleportation for 12 gold pieces
 19889 | Orc:1    | Found a transporter.
 19901 | Orc:1    | Noticed Harold
 19925 | Orc:1    | Killed Harold
 19946 | Orc:1    | Noticed Angani's ghost (journeyman DrHu)
 19979 | Orc:1    | Found a transporter.
 19989 | Orc:1    | Found Fuv Isy's Distillery.
 20036 | Orc:1    | Bought 2 potions of might for 96 gold pieces
 20036 | Orc:1    | Bought a potion of heal wounds for 60 gold pieces
 20036 | Orc:1    | Bought a potion of haste for 120 gold pieces
 20077 | Orc:2    | Entered Level 2 of the Orcish Mines
 20772 | Orc:2    | Noticed an orc warlord
 21337 | Orc:2    | Killed an orc warlord
 21970 | Orc:2    | Found Fiyhos's General Store.
 22101 | Orc:2    | Found Kuih's Weapon Shop.
 22396 | Orc:2    | Reached skill level 15 in Crossbows
 22472 | Orc:2    | Found a staircase to the Elven Halls.
 22663 | Orc:2    | Got the Collected Works on Sinister Rituals and the Oath
 22734 | Orc:2    | Noticed an orc warlord
 22783 | Orc:2    | Killed an orc warlord
 22924 | Orc:2    | Found Pehych's Magic Scroll Boutique.
 22933 | Orc:2    | Bought a scroll of enchant weapon for 82 gold pieces
 23004 | Orc:2    | Found Gireer's General Store.
 23013 | Orc:2    | Bought a scroll of enchant weapon for 97 gold pieces
 23013 | Orc:2    | Bought a potion of curing for 39 gold pieces
 23065 | Orc:2    | Reached XP level 14. HP: 61/122 MP: 17/17
 23622 | D:12     | Learned a level 3 spell: Swiftness
 24095 | D:12     | Reached skill level 1 in Air Magic
 24097 | D:12     | Reached skill level 1 in Spellcasting
 24609 | D:13     | Found Ujeusk's Antique Armour Shop.
 24684 | D:13     | Noticed Sonja
 24689 | D:13     | Killed Sonja
 25886 | D:14     | Reached skill level 1 in Evocations
 25987 | D:14     | Found a gate to the Vaults.
 26017 | D:15     | Entered Level 15 of the Dungeon
 28094 | Lair:3   | Reached skill level 16 in Crossbows
 28194 | Lair:4   | Noticed Josephine
 28200 | Lair:4   | Killed Josephine
 28920 | Lair:5   | Found a frozen archway.
 28934 | IceCv    | Entered an ice cave
 28969 | IceCv    | Reached XP level 15. HP: 130/130 MP: 23/23
 30397 | Lair:6   | Entered Level 6 of the Lair of Beasts
 30630 | Lair:6   | Found a staircase to the Slime Pits.
 30699 | Lair:6   | Reached skill level 5 in Air Magic
 30981 | Lair:6   | Found a one-way gate to the infinite horrors of the Abyss.
 31027 | Lair:6   | Reached skill level 17 in Crossbows
 31191 | Lair:6   | Reached skill level 5 in Evocations
 31195 | Lair:6   | Reached XP level 16. HP: 139/139 MP: 27/27
 31197 | Lair:6   | Reached skill level 5 in Spellcasting
 31371 | Lair:6   | Identified the ring of the Ten Saving Tales {rN+ Str+6
                  | Dex+4 Stlth+}
 31661 | D:15     | Found a staircase to the Depths.
 31809 | Snake:1  | Entered Level 1 of the Snake Pit
 32134 | Snake:1  | Noticed Jorgrun
 32146 | Snake:1  | Killed Jorgrun
 32535 | Snake:1  | You fall into a shaft and drop 1 floor!
 33140 | Snake:1  | Noticed Asterion
 33414 | Snake:2  | Found Dalanec's Magic Scroll Shop.
 33414 | Snake:2  | Found Cuimomaf's Armour Boutique.
 33424 | Snake:2  | Bought a scroll of teleportation for 33 gold pieces
 34478 | Snake:2  | Found a gateway to a bazaar.
 34592 | Bazaar   | Entered a bazaar
 34600 | Bazaar   | Found Sooqag's Book Shop.
 34614 | Bazaar   | Found Voethoth's Book Shop.
 34666 | Bazaar   | Bought a book of Weapons for 288 gold pieces
 34666 | Bazaar   | Bought a book of the Wilderness for 342 gold pieces
 34680 | Bazaar   | Bought a book of Maledictions for 442 gold pieces
 34692 | Bazaar   | Learned a level 7 spell: Enfeeble
 34698 | Bazaar   | Learned a level 5 spell: Summon Forest
 34788 | Snake:3  | Noticed Aizul
 34800 | Snake:3  | HP: 4/141 [poisoned by Aizul (bolt of poison)]
 34804 | Snake:3  | Killed Aizul
 34810 | Snake:2  | Reached skill level 18 in Crossbows
 34810 | Snake:2  | Reached skill level 1 in Hexes
 34810 | Snake:2  | Reached skill level 1 in Summonings
 34810 | Snake:2  | Reached skill level 1 in Translocations
 34810 | Snake:2  | Reached XP level 17. HP: 47/148 MP: 27/29
 35223 | Snake:3  | Noticed Saint Roka
 35620 | Snake:3  | Reached XP level 18. HP: 35/157 MP: 30/30
 35852 | Snake:3  | Found a runed translucent door.
 36381 | Snake:3  | Killed Saint Roka
 36627 | Snake:4  | Entered Level 4 of the Snake Pit
 37734 | Snake:4  | HP: 3/157 [nagaraja/poison arrow (21)]
 37734 | Snake:4  | Constricted to death by a nagaraja

Illustrated notes

Levels and vault maps discovered:
D:1:      tarquinn_simple_flora_water_f, layout_basic,
          minmay_misc_feat_nine_boxes
D:2:      layout_basic, shapermc_ecumenical_altar_notcrosses
D:3:      layout_basic, item_on_display_a
D:4:      layout_rooms, mainiacjoe_overflow_large_starburst
D:5:      layout_rooms, enter_ossuary_5
D:6:      layout_cave_pools, okawaru_altar_gauntlet_db,
          minmay_temple_entry_statues_fountains, serial_gnoll_camp,
          gnoll_camp_huts_moat, gnoll_camp_mini_shop, gnoll_camp_mini_house,
          gnoll_camp_mini_hut, uniq_edmund, uniq_blork_the_orc
D:7:      layout_basic, general_overflow_altar
D:8:      layout_cave_pods, serial_shops, kennysheep_mini, minivault_4
D:9:      layout_long_grid, minmay_shop_mayhem, st_stairs_2
D:10:     layout_cave_pods, grunt_lair_entry_orc_guard_hut, enter_bailey_2,
          enter_trove_1, hangedman_abyss_or_decor_stagger, minmay_bent,
          uniq_joseph, uniq_nergalle, uniq_snorg
D:11:     layout_stronghold
D:12:     layout_cave_pools, orc_0_dummy, nzn_wu_jian_contemplation
D:13:     layout_loops_ring, serial_shops, nicolae_shop_crystal,
          nicolae_vehumet_altar_sigil, uniq_sonja
D:14:     layout_loops_cross, david_vaults_1, minivault_23, special_room
          [special_room_bee]
D:15:     grunt_enter_depths_hoard, layout_cave_pools, nicolae_two_hexagons
Lair:1:   wander_river, layout_regular_city, infiniplex_staircase_pool_2
Lair:2:   layout_loops_ring, elwin_shoals_entry_stream,
          guppyfry_snake_entry_garden, uniq_fannar, uniq_amaemon
Lair:3:   layout_layer_cave, grunt_megastairs_2, uniq_gastronok
Lair:4:   layout_gridlike, lemuel_fruit_tree, uniq_josephine
Lair:5:   layout_regular_city, portal_ice_cave_rime, wad_woods_road_04
Lair:6:   hellmonk_lair_end_abyssal_woods, layout_big_grid, slime_altar_1,
          columned_hall_lemuel
Snake:1:  layout_onion_interference, uniq_jorgrun, uniq_asterion
Snake:2:  layout_rooms, serial_shops, statue_bzr, minmay_shoptagon
Snake:3:  cheibrodos_toxic_ritual, layout_layer_cave, nicolae_snake_lava_pool,
          uniq_aizul, uniq_saint_roka
Snake:4:  hellmonk_snake_rune_quicksilver_temple, layout_cave_town,
          grunt_ministairs_13, nicolae_snake_bzzzt, serial_bayou_shore_a,
          serial_bayou_shore_b
Orc:1:    layout_diamond_mine, serial_shops, nicolae_shop_window_shopping,
          gammafunk_ghost_berserking_beasts, nicolae_shop_clearance, uniq_harold
Orc:2:    pubby_orc_utopia

Skill      XL: |  1  2  3  4  5  6  7  8  9 10 11 12 13 14 15 16 17 18 |
---------------+-------------------------------------------------------+-----
Stealth        | 1 2 3 4 5 6 7 9 10 11 12 13 14 | 14.2
Dodging        | 2 3 4 5 6 7 8 9 10 11 12 13 | 13.2
Fighting       | 2 3 4 5 6 7 8 9 10 11 12 13 | 13.3
Crossbows      | 4 5 6 8 9 10 12 13 15 16 17 18 | 18.5
Air Magic      | 3 5 |  5.0
Spellcasting   | 3 4 5 |  5.9
Evocations     | 2 5 6 7 |  7.0
Hexes          | 1 2 3 |  3.1
Summonings     | 1 3 |  3.1
Translocations | 1 2 3 |  3.2

Action                   |  1- 3 |  4- 6 |  7- 9 | 10-12 | 13-15 | 16-18 || total
-------------------------+-------+-------+-------+-------+-------+-------++-------
 Fire: Hand crossbow     |    78 |   148 |   551 |   874 |  1299 |       ||  2950
       Arbalest          |       |       |       |       |   627 |   863 ||  1490
 Cast: Swiftness         |       |       |       |       |       |     1 ||     1
Evoke: Wand              |       |       |       |     6 |     1 |       ||     7
       Phial of floods   |       |       |       |       |     1 |       ||     1
  Use: Scroll            |       |       |    18 |     6 |    13 |     6 ||    43
       Potion            |       |       |       |       |     1 |     6 ||     7
Armor: Leather armour    |     4 |     1 |       |       |       |       ||     5
       Ring mail         |       |    28 |    71 |    11 |       |       ||   110
       Troll leather arm |       |       |       |    23 |    78 |    44 ||   145
Dodge: Dodged            |    19 |    48 |   198 |   452 |   989 |   500 ||  2206

Table legend: (Time is in decaauts)
 A = Elapsed time spent in this place.
 B = Non-inter-level travel time spent in this place.
 C = Inter-level travel time spent in this place.
 D = Time resting spent in this place.
 E = Time spent auto-exploring this place.
 F = Levels seen in this place.
 G = Mean time per level.
                   A        B        C        D        E       F      G
               +--------+--------+--------+--------+--------+-----+--------+
         Total |  38237 |  36118 |   2119 |   5914 |  20120 |  31 | 1233.5 |
       Dungeon |  18499 |  17389 |   1110 |   3953 |   9765 |  15 | 1233.3 |
          Lair |   7625 |   7004 |    621 |    505 |   4271 |   6 | 1270.8 |
     Snake Pit |   5878 |   5728 |    150 |    930 |   3261 |   4 | 1469.5 |
  Orcish Mines |   4171 |   3934 |    237 |    414 |   1828 |   2 | 2085.5 |
        Bazaar |    114 |    114 |      0 |      0 |     41 |   1 |  114.0 |
       Ossuary |    961 |    961 |      0 |      3 |    685 |   1 |  961.0 |
        Bailey |    408 |    408 |      0 |    103 |     84 |   1 |  408.0 |
      Ice Cave |    577 |    577 |      0 |      4 |    184 |   1 |  577.0 |
               +--------+--------+--------+--------+--------+-----+--------+

Top non-repeatable levels by time:
   Orc:2: 3299 daAuts
     D:9: 1904 daAuts
 Snake:1: 1850 daAuts
 Snake:3: 1803 daAuts
    D:14: 1738 daAuts
     D:6: 1684 daAuts
     D:5: 1628 daAuts
  Lair:3: 1602 daAuts
  Lair:2: 1554 daAuts
  Lair:1: 1460 daAuts
    D:13: 1452 daAuts
    D:10: 1441 daAuts
    D:11: 1408 daAuts
 Snake:2: 1152 daAuts
     D:7: 1141 daAuts
